 Dungeon Crawl Stone Soup version 0.27.1-2-g3b301248ec (webtiles) character file.

Game seed: 9848718347117717268

10024 Borgoz the Fighter (level 11, 0/111 HPs)
             Began as a Gargoyle Berserker on Sept 26, 2021.
             Was an Elder of Trog.
             Slain by a two-headed ogre (21 damage)
             ... on level 10 of the Dungeon.
             The game lasted 00:14:00 (10676 turns).

Borgoz the Fighter (Gargoyle Berserker)            Turns: 10676, Time: 00:14:01

Health: 0/111      AC: 12    Str: 20      XL:     11   Next: 55%
Magic:  3/3        EV: 13    Int:  9      God:    Trog [****..]
Gold:   752        SH:  0    Dex: 11 (12) Spells: 10/10 levels left

rFire    . . .     SeeInvis .   z - +0 dire flail (antimagic)
rCold    + . .     Faith    .   (shield currently unavailable)
rNeg     + . .     Spirit   .   m - +0 troll leather armour {Purgy}
rPois    ∞         Reflect  .   (no helmet)
rElec    +         Harm     .   o - +0 cloak
rCorr    .         Rampage  .   p - +0 pair of gloves
Will     ++...                  (no boots)
Stlth    ..........             b - amulet of regeneration
HPRegen  3.28/turn              i - ring of protection from cold
MPRegen  0.08/turn              (no ring)

@: berserking (expiring), strong-willed, corroded, regenerating, very quick
A: sickness immunity, AC +8, negative energy resistance 1, electricity
resistance, torment resistance 1, petrification resistance
a: Renounce Religion, Berserk, Trog's Hand, Brothers in Arms


You were on level 10 of the Dungeon.
You worshipped Trog.
Trog was greatly pleased with you.
You visited 1 branch of the dungeon, and saw 10 of its levels.
You also visited: Sewer and Ossuary.

You collected 824 gold pieces.
You spent 72 gold pieces at shops.

Inventory:

Hand Weapons
 z - a +0 antimagic dire flail (weapon)
Missiles
 y - 4 throwing nets (quivered)
Armour
 m - a +0 troll leather armour (worn) {Purgy}
 o - a +0 cloak (worn)
 p - a +0 pair of gloves (worn)
 A - +0 steam dragon scales
Jewellery
 b - an amulet of regeneration (around neck)
 i - a ring of protection from cold (left hand)
 u - a ring of fire
 v - a ring of fire
 C - the ring "Supi Tem" {rPois rF- Str+8 Int+6 Dex-4}
   (You found it on level 9 of the Dungeon)

   [ring of intelligence]

   Str:       It affects your strength (+8).
   Int:       It affects your intelligence (+6).
   Dex:       It affects your dexterity (-4).
   rF:        It makes you vulnerable to fire.
   rPois:     It protects you from poison.
Wands
 a - a wand of paralysis (10)
 g - a wand of flame (62)
 h - a wand of iceblast (14)
Scrolls
 d - a scroll of teleportation
 e - a scroll of blinking
 k - a scroll of enchant weapon
 q - a scroll of silence
 x - a scroll of summoning
Potions
 c - 5 potions of heal wounds
 f - 3 potions of curing
 j - 3 potions of might
 l - 2 potions of resistance
 n - a potion of mutation
 r - 2 potions of berserk rage
 s - 3 potions of haste
 t - 2 potions of attraction
 w - a potion of invisibility
 B - a potion of cancellation {unknown}


   Skills:
 * Level 11.0 Fighting
 * Level 10.0 Maces & Flails
 * Level 10.6 Armour
 + Level 5.9 Dodging


You had 10 spell levels left.
You didn't know any spells.
Your spell library was empty.

Dungeon Overview and Level Annotations

Branches:
Dungeon (10/15)            Temple (0/1) D:6             Orc (0/2) D:9
  Sewer (visited)         Ossuary (visited)
   Lair: D:8-11

Altars:
Ashenzari
Dithmenos
Kikubaaqudgha
Makhleb
Nemelex Xobeh
Okawaru
Qazlal
Ru

Shops:
D:1 [   D:3 *

Annotations:
D:10 Sonja


Innate Abilities, Weirdness & Mutations

You are immune to sickness and miasma.
Your stone body is resilient. (AC +8)
You are immune to poison.
You resist negative energy. (rN+)
You are resistant to electric shocks. (rElec)
You are resistant to unholy torment.
You are immune to petrification.


Message History

A red film seems to cover your vision as you go berserk!
You feel yourself moving faster!
You feel mighty!
You barely miss the two-headed ogre. You sock the two-headed ogre!
The two-headed ogre is moderately wounded.
The two-headed ogre closely misses you.
The two-headed ogre hits you with a +0 giant club!!
You barely miss the two-headed ogre.
The two-headed ogre is moderately wounded.
Trog will no longer gift you weapons.
You puncture the two-headed ogre!
The two-headed ogre is heavily wounded.
The two-headed ogre closely misses you. x2
Sonja casts a spell.
Sonja blinks!
You hit the two-headed ogre.
The two-headed ogre is heavily wounded.
You hit the two-headed ogre but do no damage.
The two-headed ogre is heavily wounded.
The two-headed ogre hits you with a +0 giant club!!
* * * LOW HITPOINT WARNING * * *
The two-headed ogre barely misses you.
You barely miss the two-headed ogre.
The two-headed ogre is heavily wounded.
You barely miss the two-headed ogre.
The two-headed ogre is heavily wounded.
You puncture the two-headed ogre!
The two-headed ogre is severely wounded.
The two-headed ogre hits you with a +0 giant club!
* * * LOW HITPOINT WARNING * * *
The two-headed ogre hits you with a +0 giant club!
* * * LOW HITPOINT WARNING * * *
You barely miss the two-headed ogre.
The two-headed ogre is severely wounded.
Sonja gestures wildly while chanting.
Sonja blinks!
You puncture the two-headed ogre!
The two-headed ogre is almost dead.
The two-headed ogre hits you with a +0 giant club!!
You die...

#.....# #####
###.....# #...#
#.......### #...#
#.........###
#...####...........
#...##...#.....#.#
#####...'..#.#.###...#
#............. #O#
#.#.#.....##. #l#
###.#.#.####.
.......§.# ....#....#.
#......#.#
######..#.#. #......
.# .....#... #......
.# #####.###. #......
## ........ #......
........


You could see a two-headed ogre, a komodo dragon and Sonja.

Vanquished Creatures
  Harold (D:8)
  A two-headed ogre (D:8)
  The ghost of MajorAdolf the Skirmisher, a novice NaWn (D:6)
  A gargoyle (D:6)
  Maggie (D:8)
  11 yaks (D:9)
  4 wyverns
  A steam dragon (D:8)
  A neqoxec (D:9)
  A water moccasin (D:7)
  2 ice beasts (D:7)
  2 orc warriors
  Purgy (Sewer)
  2 sky beasts
  A hornet zombie (D:6)
  2 ogres
  A necrophage (D:7)
  4 centaurs
  4 bullfrogs
  3 elf zombies (Ossuary)
  A wyvern zombie (D:5)
  2 scorpions
  2 water moccasin skeletons (D:5)
  16 killer bees
  2 bullfrog zombies
  5 centaur zombies
  A human zombie (Ossuary)
  2 hounds
  3 jellies
  3 iron imps (D:4)
  7 orc priests
  A bullfrog skeleton (D:5)
  A centaur skeleton (D:5)
  Natasha (thrice) (D:4)
  2 iguanas
  7 orc wizards
  A killer bee zombie (D:6)
  A hound skeleton (D:4)
  3 mummies
  3 gnolls (D:6)
  13 adders
  2 river rats (D:3)
  A shadow imp (D:7)
  A white imp (D:6)
  2 ufetubi (D:5)
  2 adder zombies (Ossuary)
  An adder skeleton (D:4)
  3 worms
  2 dart slugs (D:1)
  49 orcs
  7 endoplasms
  4 giant cockroaches
  5 goblins
  6 hobgoblins
  15 kobolds
  3 quokkas
  12 ball pythons
  2 bats
  3 frilled lizards
  10 hobgoblin zombies (Ossuary)
  11 kobold zombies (Ossuary)
  8 orc zombies (Ossuary)
  9 rats
  A rat zombie (Ossuary)
  A bush (D:1)
284 creatures vanquished.

Vanquished Creatures (collateral kills)
  The ghost of jujucrawl the Spear-Bearer, a novice MfGl of Qazlal (D:9)
  4 quasits (D:9)
5 creatures vanquished.

Vanquished Creatures (others)
  An orc wizard (D:9)
  2 orcs (D:9)
3 creatures vanquished.

Grand Total: 292 creatures vanquished

Notes
Turn   | Place    | Note
-------+----------+-------------------------------------------
     0 | D:1      | Borgoz the Gargoyle Berserker began the quest for the Orb.
     0 | D:1      | Reached XP level 1. HP: 14/14 MP: 1/1
   338 | D:1      | Found Nuer's Armour Shoppe.
   583 | D:1      | Reached XP level 2. HP: 18/19 MP: 2/2
  1341 | D:1      | Reached XP level 3. HP: 24/24 MP: 3/3
  1377 | D:1      | Reached ** piety under Trog
  1906 | D:2      | Reached skill level 4 in Fighting
  2028 | D:2      | Reached XP level 4. HP: 21/29 MP: 4/4
  2787 | D:3      | Found a glowing drain.
  2827 | Sewer    | Entered a sewer
  2960 | Sewer    | Noticed Purgy
  2973 | Sewer    | Killed Purgy
  2974 | Sewer    | Reached XP level 5. HP: 18/34 MP: 5/5
  3206 | D:3      | Found Allesiet's Assorted Antiques.
  3222 | D:3      | Bought a scroll of identify for 50 gold pieces
  3222 | D:3      | Bought an orange potion for 22 gold pieces
  3414 | D:3      | Found a sparkling altar of Nemelex Xobeh.
  3577 | D:3      | Found a broken altar of Ashenzari.
  3577 | D:3      | Found a shadowy altar of Dithmenos.
  3743 | D:3      | Found an ancient bone altar of Kikubaaqudgha.
  3769 | D:3      | Found a faded altar of an unknown god.
  3788 | D:3      | Reached *** piety under Trog
  3860 | D:3      | Reached XP level 6. HP: 39/39 MP: 6/6
  4040 | D:4      | Found a sacrificial altar of Ru.
  4191 | D:4      | Reached skill level 5 in Fighting
  4330 | D:4      | Noticed Natasha
  4341 | D:4      | Killed Natasha
  4438 | D:4      | Found a burning altar of Makhleb.
  4440 | D:4      | Noticed Natasha
  4597 | D:4      | Killed Natasha
  4637 | D:4      | Reached XP level 7. HP: 44/44 MP: 7/7
  4700 | D:5      | Entered Level 5 of the Dungeon
  4848 | D:5      | Reached skill level 5 in Maces & Flails
  4902 | D:5      | Reached skill level 5 in Armour
  4981 | D:5      | Found a sand-covered staircase.
  4993 | Ossuary  | Entered an ossuary
  5062 | Ossuary  | Reached **** piety under Trog
  5148 | Ossuary  | Reached skill level 6 in Fighting
  5179 | Ossuary  | Reached XP level 8. HP: 50/51 MP: 8/8
  5303 | Ossuary  | Reached ***** piety under Trog
  6311 | D:4      | Noticed Natasha
  6318 | D:4      | Killed Natasha
  6375 | D:6      | Found a runed translucent door.
  6379 | D:6      | Noticed MajorAdolf's ghost (novice NaWn)
  6387 | D:6      | You fall into a shaft and drop 1 floor!
  6407 | D:7      | Reached skill level 7 in Fighting
  6499 | D:7      | Reached XP level 9. HP: 57/57 MP: 9/9
  6673 | D:6      | Noticed a gargoyle
  6686 | D:6      | Killed a gargoyle
  6917 | D:6      | Found a staircase to the Ecumenical Temple.
  6936 | D:6      | Reached skill level 8 in Fighting
  7636 | D:6      | Killed MajorAdolf's ghost
  7637 | D:6      | Reached XP level 10. HP: 65/65 MP: 10/10
  7784 | D:7      | Received a gift from Trog
  7785 | D:7      | Reached skill level 9 in Fighting
  8436 | D:8      | Noticed Harold
  8483 | D:8      | Killed Harold
  8484 | D:8      | Reached skill level 5 in Dodging
  8619 | D:8      | Noticed a two-headed ogre
  8635 | D:8      | Killed a two-headed ogre
  8721 | D:8      | Noticed Maggie
  8730 | D:8      | Paralysed by Maggie for 2 turns
  8745 | D:8      | Killed Maggie
  8746 | D:8      | Reached skill level 10 in Fighting
  9112 | D:9      | Found an iron altar of Okawaru.
  9158 | D:9      | Found a transporter.
  9158 | D:9      | Noticed jujucrawl's ghost (novice MfGl)
  9300 | D:9      | Reached XP level 11. HP: 72/72 MP: 3/11
  9337 | D:9      | Reached skill level 10 in Armour
  9417 | D:9      | Found a staircase to the Orcish Mines.
  9765 | D:9      | Found a transporter.
 10362 | D:9      | Killed jujucrawl's ghost
 10370 | D:9      | Identified the ring "Supi Tem" {rPois rF- Str+8 Int+6
                  | Dex-4}
 10417 | D:10     | Entered Level 10 of the Dungeon
 10507 | D:10     | Reached skill level 10 in Maces & Flails
 10604 | D:10     | Found a stormy altar of Qazlal.
 10624 | D:10     | Reached skill level 11 in Fighting
 10657 | D:10     | Noticed Sonja
 10659 | D:10     | Noticed a two-headed ogre
 10676 | D:10     | Slain by a two-headed ogre

Illustrated notes

Levels and vault maps discovered:
D:1:      dpeg_arrival_round_a, layout_basic, serial_shops,
          nicolae_shop_crystal, minmay_hedge_maze, minmay_misc_feat_x
D:2:      minmay_inner_zag, layout_loops_ring, hangedman_decor_opposing,
          chequers_serial_rivers_small_3, st_stairs_2, minmay_cupped
D:3:      layout_loops_corners, lemuel_doored_altar,
          mainiacjoe_overflow_alcove_1, gammafunk_temple_overflow_elements,
          shapermc_ecumenical_altar_notcrosses, portal_sewer_entry_e,
          serial_shops, shop_fountains, minmay_misc_feat_square
D:4:      layout_rooms, nicolae_ru_awakened_eye, demons_altar, uniq_natasha
D:5:      layout_layer_cave, gup_ossuary_entry_pyramid,
          minmay_misc_feat_four_crosses, kennysheep_generic_room_6
D:6:      layout_basic, minmay_temple_entry_drinking_statues,
          ebering_ghost_sewer_d, kennysheep_generic_room_14
D:7:      layout_gridville
D:8:      layout_rooms, uniq_maggie, uniq_harold
D:9:      layout_cave_pods, amcnicky_altar_gilded, hiddenorc2_lemuel,
          gammafunk_ghost_stat_death
D:10:     layout_basic, nicolae_qazlal_style_of_elements,
          due_lair_maze_entry_diamond, minmay_holes,
          chequers_serial_rivers_small_3, minmay_misc_feat_pillars, uniq_sonja

Skill      XL: |  1  2  3  4  5  6  7  8  9 10 11 |
---------------+----------------------------------+-----
Fighting       | 4 5 6 7 8 10 11 | 11.0
Armour         | 3 4 5 6 8 9 10 | 10.6
Dodging        | 2 3 4 5 |  5.9
Maces & Flails | 4 5 6 7 9 10 | 10.0

Action                   |  1- 3 |  4- 6 |  7- 9 | 10-12 || total
-------------------------+-------+-------+-------+-------++-------
Melee: Mace              |   218 |   220 |   612 |   151 ||  1201
       Dire flail        |       |       |       |   399 ||   399
Invok: Berserk           |     2 |     4 |     6 |     8 ||    20
       Trog's Hand       |     1 |       |       |     6 ||     7
       Brothers in Arms  |       |       |       |     1 ||     1
  Use: Scroll            |       |    11 |     7 |     2 ||    20
 Stab: Sleeping          |     2 |       |       |       ||     2
       Distracted        |       |       |       |     1 ||     1
Armor: Animal skin       |    41 |       |       |       ||    41
       Ring mail         |       |    62 |       |       ||    62
       Troll leather arm |       |    67 |   346 |   407 ||   820
Dodge: Dodged            |   109 |   163 |   433 |   556 ||  1261
